 Dungeon Crawl Stone Soup version 0.26.0-20-g3ca415f5b8 (webtiles) character file.

Game seed: 18417667240733223670

597 kaeus the Skirmisher (level 7, 0/72 HPs)
             Began as an Octopode Fighter on Jan 25, 2021.
             Killed from afar by an electric eel (6 damage)
             ... with a bolt of electricity
             ... on level 4 of the Dungeon.
             The game lasted 00:04:53 (5657 turns).

kaeus the Skirmisher (Octopode Fighter)             Turns: 5657, Time: 00:04:54

Health: 0/72       AC: 27    Str: 24    XL:     7   Next: 40%
Magic:  10/10      EV:  2    Int: 10    God:
Gold:   241        SH: 16    Dex: 11    Spells: 10/10 levels left

rFire    . . .     SeeInvis .   h - +1 hand axe
rCold    . . .     Faith    .   a - +1 kite shield
rNeg     + + +     Spirit   .   (helmet currently unavailable)
rPois    +         Reflect  +   r - amulet of reflection
rElec    .         Harm     .   p - +4 ring of protection
rCorr    .         Rampage  .   i - ring of positive energy
Will     .....     NoTele   +   u - +6 ring of strength
Stlth    ++........             (no ring)
HPRegen  0.22/turn              (no ring)
MPRegen  0.12/turn              (no ring)
                                (no ring)
                                (no ring)

@: tree-form, hasted, very quick
A: almost no armour, stealthy swim, (amphibious), 8 rings, (constrict 8)
a: no special abilities


You were on level 4 of the Dungeon.
You were a tree.
You visited 1 branch of the dungeon, and saw 4 of its levels.

You collected 241 gold pieces.

Inventory:

Hand Weapons
 h - a +1 hand axe (weapon)
Armour
 a - a +1 kite shield (worn)
Jewellery
 i - a ring of positive energy (right branch)
 k - a +6 ring of dexterity {unknown}
 p - a +4 ring of protection (left branch)
 r - an amulet of reflection (around neck)
 u - a +6 ring of strength (on tentacle)
Wands
 j - a wand of disintegration (14)
 s - a wand of enslavement (20)
 v - a wand of flame (23)
Scrolls
 c - 7 scrolls of identify
 f - 2 scrolls of amnesia
 l - 2 scrolls of immolation
 n - a scroll of remove curse
 o - 3 scrolls of magic mapping {unknown}
 t - a scroll of enchant armour
Potions
 b - a potion of might
 e - a potion of lignification
 g - 2 potions of curing
 m - a potion of attraction
 q - a potion of haste


   Skills:
 + Level 4.0 Fighting
 + Level 3.9 Dodging
 + Level 3.5 Stealth
 + Level 3.9 Shields
 + Level 3.3 Unarmed Combat
 + Level 2.2 Spellcasting
 * Level 3.6 Transmutations


You had 10 spell levels left.
You didn't know any spells.
Your spell library was empty.

Dungeon Overview and Level Annotations

Branches:
Dungeon (4/15)
 Temple: D:4-7

Altars:

Annotations:
D:4 1 transporter


Innate Abilities, Weirdness & Mutations

You cannot wear most types of armour.
You are very stealthy in the water. (Stealth+)
((You are amphibious.))
You can wear up to eight rings at the same time.
((You can use your tentacles to constrict eight enemies at once.))
((Your skin changes colour to match your surroundings (Stealth+).))
((Your rubbery body absorbs attacks. (AC +1, EV +1)))


Message History

Here: an electric eel Some shallow water.
There are monsters nearby!
Press: ? - help, v - describe, . - travel A translucent stone wall.
You hit the electric eel but do no damage.
You miss the electric eel.
The electric eel shoots out a bolt of lightning at you!
The bolt of electricity hits you!
* * * LOW HITPOINT WARNING * * *
The bolt of electricity misses the electric eel.
You take 7 damage, and have 5/72 hp.
You cannot move.
Your shield prevents you from hitting the electric eel.
The electric eel shoots out a bolt of lightning at you!
The bolt of electricity hits you but does no damage.
The bolt of electricity misses the electric eel.
The electric eel shoots out a bolt of lightning at you!
The bolt of electricity hits you.
You die...

....................##
.....................##
####..................###
###...........©......#
##.......#######...#
##..(...#8.©.8#...#
##.....#≈...P#...#
#.....###'###..## ###
##.....#;♣..≈#.## #..
##......#≈...≈#.# ##.
##..[##..#≈P;P≈#.# #.
##...###..#≈≈♣≈≈#.# ##.
##...##
##.#≈≈P≈≈#.#########..
##...##
#.#≈≈P≈≈#.##.........
##...##
#.#≈P≈≈≈#.##.†.......
##..###
#.###+###.###........
#..## #.#P.:.P#.#
#######..


You could see 2 electric eels.

Vanquished Creatures
  Sigmund (D:4)
  A hound (D:4)
  An iguana (D:4)
  2 orc wizards (D:4)
  A hound skeleton (D:4)
  13 gnolls
  8 adders
  2 oozes
  5 worms
  3 dart slugs (D:2)
  A leopard gecko (D:4)
  14 orcs
  A ball python (D:3)
  2 bats
  3 giant cockroaches
  9 goblins
  3 hobgoblins
  4 jackals (D:2)
  A quokka (D:2)
  A frilled lizard (D:2)
  5 kobolds
  A quokka skeleton (D:4)
  6 rats
88 creatures vanquished.

Vanquished Creatures (others)
  A plant (D:4)
1 creature vanquished.

Grand Total: 89 creatures vanquished

Notes
Turn   | Place    | Note
-------+----------+-------------------------------------------
     0 | D:1      | kaeus the Octopode Fighter began the quest for the Orb.
     0 | D:1      | Reached XP level 1. HP: 16/16 MP: 1/1
   289 | D:1      | Reached XP level 2. HP: 21/21 MP: 2/2
   825 | D:2      | Reached skill level 1 in Transmutations
   844 | D:2      | Reached skill level 1 in Stealth
   844 | D:2      | Reached XP level 3. HP: 23/26 MP: 3/3
  1166 | D:2      | Reached XP level 4. HP: 29/31 MP: 5/5
  1430 | D:2      | Reached skill level 1 in Spellcasting
  2010 | D:3      | Reached XP level 5. HP: 21/36 MP: 6/6
  3867 | D:3      | Reached XP level 6. HP: 22/42 MP: 8/8
  4798 | D:4      | Noticed Sigmund
  4804 | D:4      | Killed Sigmund
  4805 | D:4      | Reached XP level 7. HP: 36/47 MP: 8/10
  4887 | D:4      | Found a transporter.
  4979 | D:4      | Found a transporter.
  5118 | D:4      | Reached skill level 4 in Fighting
  5651 | D:4      | HP: 3/72 [electric eel/bolt of electricity (9)]
  5657 | D:4      | Killed from afar by an electric eel

Illustrated notes

Levels and vault maps discovered:
D:1:      zaba_arrival_water, layout_rooms, st_stairs_13
D:2:      layout_basic
D:3:      layout_rooms, kennysheep_nondescript, amcnicky_mini_corridor_feature,
          minmay_bisected
D:4:      gammafunk_steamed_eel, layout_layer_cave, uniq_sigmund

Skill      XL: |  1  2  3  4  5  6  7 |
---------------+----------------------+-----
Transmutations | 1 2 3 |  3.6
Stealth        | 1 2 3 |  3.5
Spellcasting   | 1 2 |  2.2
Unarmed Combat | 3 |  3.3
Fighting       | 4 |  4.0
Dodging        | |  3.9
Shields        | |  3.9

Action                   |  1- 3 |  4- 6 |  7- 9 || total
-------------------------+-------+-------+-------++-------
Melee: Unarmed           |    14 |       |       ||    14
       Constrict         |    14 |    36 |    10 ||    60
       Hand axe          |    29 |   113 |    40 ||   182
       Tentacles         |     6 |    33 |     9 ||    48
       Punch             |     2 |     1 |     1 ||     4
  Use: Potion            |       |     2 |     4 ||     6
       Scroll            |       |     6 |       ||     6
 Stab: Sleeping          |     4 |     6 |     1 ||    11
Armor: Skin              |     2 |    17 |     8 ||    27
Dodge: Dodged            |    12 |    63 |     8 ||    83
Block: Kite shield       |    14 |    77 |    24 ||   115
